 Dungeon Crawl Stone Soup version 0.17.1-1-g73c8601 (webtiles) character file.

221 Implojin the Chopper (level 5, 0/45 HPs)
             Began as a Minotaur Berserker on Apr 8, 2016.
             Was a Believer of Trog.
             Slain by an iguana (9 damage)
             ... on level 4 of the Dungeon.
             The game lasted 00:04:03 (434 turns).

Implojin the Chopper (Minotaur Berserker)            Turns: 434, Time: 00:04:03

Health: 0/45       AC:  5    Str: 22    XL:     5   Next: 65%
Magic:  4/4        EV: 10    Int:  4    God:    Trog [**....]
Gold:   17         SH:  3    Dex: 10    Spells: 0 memorised, 4 levels left

rFire  . . .     SeeInvis .     a - +0 hand axe
rCold  . . .     Clarity  .     l - +0 ring mail {rPois}
rNeg   . . .     SustAt   .     n - +0 buckler (curse)
rPois  +         Gourm    .     (helmet restricted)
rElec  .         Spirit   .     (no cloak)
rCorr  .         Warding  .     (no gloves)
rMut   .         Stasis   .     (no boots)
MR     .....                    (no amulet)
Stlth  ..........               (no ring)
                                (no ring)

@: exhausted, slowed, drained, very slow, not resistant to hostile enchantments,
extremely unstealthy
A: retaliatory headbutt, horns 2
a: Berserk, Trog's Hand, Burn Spellbooks, Renounce Religion


You were on level 4 of the Dungeon.
You worshipped Trog.
Trog was pleased with you.
You were not hungry.

You visited 1 branch of the dungeon, and saw 6 of its levels.

You collected 113 gold pieces.
You spent 96 gold pieces at shops.

Inventory:

Hand Weapons
 a - a +0 hand axe (weapon)
Armour
 b - a +0 animal skin
 g - a +0 chain mail
 l - a +0 ring mail of poison resistance (worn)
 n - a cursed +0 buckler (worn)
Scrolls
 d - 3 scrolls of identify {unknown}
 e - a scroll of noise {unknown}
 i - a scroll of enchant armour {unknown}
 m - a scroll of enchant weapon {unknown}
Potions
 f - 2 potions of curing {unknown}
 h - a potion of heal wounds {unknown}
 j - a potion of poison {unknown}
Comestibles
 c - 2 bread rations
 k - 4 chunks of flesh


   Skills:
 - Level 3.6(3.1) Fighting
 * Level 7.7(7.2) Axes
 - Level 2.4(1.9) Armour
 - Level 2.1(1.7) Dodging


You had 4 spell levels left.
You didn't know any spells.

Dungeon Overview and Level Annotations

Branches:
Dungeon (6/15)
 Temple: D:4-7

Altars:

Shops:
D:4 [


Innate Abilities, Weirdness & Mutations

You reflexively headbutt those who attack you in melee.
You have a pair of horns on your head.


Message History

Items here: )) [[ † a club; a ring mail; a long sword; a robe; an orc corpse You butcher the orc corpse.
k - 5 chunks of flesh (gained 2)
Items here: )) [[ a club; a ring mail; a long sword; a robe Unknown command.
Eat one of 5 chunks of flesh? (ye/n/q/i?) This raw flesh tastes terrible.
You continue eating. x2
Eat which item? (? for menu, Esc to quit)
You can't eat that!
Found 10 steel sling bullets.
There is a stone staircase leading up here.
You climb upwards.
You hear the sound of rushing water.
There is an entrance to a sewer on this level.
Hurry and find it before the portal rusts away!
You hear the rusting of a very distant drain.
Found five items.
Found a stone staircase leading up and a stone staircase leading down.
There is a stone staircase leading down here.
Unknown command.
Unknown command.
f - 2 green potions (gained 1)
An iguana comes into view.
The iguana hisses angrily.
You see here a scroll labeled XEJUDOURIN.
There is a stone staircase leading down here.
You see here a scroll labeled XEJUDOURIN.
d - 3 scrolls labeled XEJUDOURIN (gained 1)
The iguana bites you.
* * * LOW HITPOINT WARNING * * *
Your shield prevents you from hitting the iguana.
You headbutt the iguana.
The iguana is moderately wounded.
The iguana misses you. You furiously retaliate!
You headbutt the iguana. You hit the iguana but do no damage.
The iguana is moderately wounded.
The iguana bites you!
You die...

# .# ###.##
########....###
.........$...
.........# #
#.......#
#.##@.....####
#..>l.........
##......#..#..
......(.<...#
#.##[....>##.#
# #.........#
####.###..#
.... ..# ...##
...


You could see an iguana.

Vanquished Creatures
  An iguana (D:5)
  A giant frog skeleton (D:5)
  3 orc wizards
  A worker ant (D:5)
  An adder (D:3)
  A worm (D:2)
  5 orcs
  4 bats
  A giant cockroach (D:4)
  4 goblins
  2 hobgoblins (D:3)
  A quokka (D:3)
  A giant gecko skeleton (D:4)
  4 giant newts
  5 kobolds
  3 rats
38 creatures vanquished.

Vanquished Creatures (others)
  2 orcs (D:5)
2 creatures vanquished.

Grand Total: 40 creatures vanquished

Notes
Turn   | Place    | Note
--------------------------------------------------------------
     0 | D:1      | Implojin the Minotaur Berserker began the quest for the Orb.
     0 | D:1      | Reached XP level 1. HP: 19/19 MP: 0/0
    43 | D:1      | Reached skill level 4 in Axes
   117 | D:2      | Reached XP level 2. HP: 26/26 MP: 1/1
   155 | D:3      | Reached skill level 5 in Axes
   184 | D:2      | Reached XP level 3. HP: 26/31 MP: 2/2
   222 | D:3      | Reached ** piety under Trog
   249 | D:4      | Reached XP level 4. HP: 30/39 MP: 3/3
   253 | D:4      | Reached skill level 6 in Axes
   296 | D:4      | Found Qail's Armour Shoppe.
   316 | D:4      | Bought a +0 ring mail of poison resistance for 96 gold pieces
   334 | D:5      | Entered Level 5 of the Dungeon
   348 | D:5      | Reached skill level 7 in Axes
   348 | D:5      | Reached XP level 5. HP: 20/45 MP: 4/4
   434 | D:4      | Slain by an iguana

Action                   |  1- 3 |  4- 6 || total
-------------------------+-------+-------++-------
Melee: Hand axe          |    57 |    32 ||    89
Invok: Berserk           |     1 |     2 ||     3
  Eat: Chunk             |       |     2 ||     2

Table legend:
 A = Turns spent in this place as a percentage of turns spent in the entire game.
 B = Non-inter-level travel turns spent in this place as a percentage of non-inter-level travel turns spent in the entire game.
 C = Inter-level travel turns spent in this place as a percentage of turns spent in this place.
 D = Turns resting spent in this place as a percentage of non-inter-level travel turns spent in this place.
 E = Turns spent auto-exploring this place as a percentage of non-inter-level travel turns spent in this place.
 F = Non-inter-level travel turns spent in this place divided by the number of levels of this place that you've seen.
                   A       B       C       D       E      F
               +-------+-------+-------+-------+-------+----------------------
         Total | 100.0 | 100.0 |   0.0 |   0.0 |   0.0 |  66.7
       Dungeon | 100.0 | 100.0 |   0.0 |   0.0 |   0.0 |  66.7
               +-------+-------+-------+-------+-------+----------------------

Table legend:
 A = Kills in this place as a percentage of kills in entire the game.
 B = Kills by you in this place as a percentage of kills by you in the entire game.
 C = Kills by friends in this place as a percentage of kills by friends in the entire game.
 D = Other kills in this place as a percentage of other kills in the entire game.
 E = Experience gained in this place as a percentage of experience gained in the entire game.
 F = Experience gained in this place divided by the number of levels of this place that you have seen.
                   A       B       C       D       E      F
               +-------+-------+-------+-------+-------+----------------------
         Total | 100.0 | 100.0 |  -nan | 100.0 | 100.0 |  52.7
       Dungeon | 100.0 | 100.0 |  -nan | 100.0 | 100.0 |  52.7
               +-------+-------+-------+-------+-------+----------------------
